Map: Echo LE (Void)

Players

Neeb - Winner!

  • Race: Protoss Protoss
  • Spawn Location: 5:00

Scarlett

  • Race: Zerg Zerg
  • Spawn Location: 11:00

Event: WESG 2016 Finals

VOD

Have the link to the VOD?

Description

Time

  • Played on: Jan. 12, 2017, 9:39 p.m.
  • Length: 12:33

All games in this series

Show
View Real Time Build Order
Export as new Build Order

Neeb Protoss - Winner!

Build Orders: 1 Gate Expand 

Get SALT Encoding   

  12  0:00  Probe (Chrono Boost)  
  13  0:11  Probe (Chrono Boost)  
  14  0:19  Pylon  
  14  0:22  Probe (Chrono Boost)  
  15  0:37  Probe (Chrono Boost)  
  15  0:40  Gateway  
  16  0:47  Probe (Chrono Boost)  
  16  0:49  Assimilator  
  17  0:58  Probe (Chrono Boost)  
  18  1:08  Probe (Chrono Boost)  
  19  1:20  Nexus  
  19  1:24  Probe (Chrono Boost)  
  20  1:33  Cybernetics Core  
  20  1:37  Probe (Chrono Boost)  
  21  1:41  Assimilator  
  21  1:48  Probe (Chrono Boost)  
  21  1:52  Pylon  
  22  1:58  Probe (Chrono Boost)  
  23  2:06  Adept  
  23  2:10  Warp Gate  
  23  2:12  Probe (Chrono Boost)  
  27  2:24  Twilight Council, Probe (Chrono Boost)  
  27  2:30  Adept  
  27  2:33  Probe (Chrono Boost)  
  27  2:36  Probe (Chrono Boost)  
  31  2:43  Probe (Chrono Boost)  
  32  2:48  Probe (Chrono Boost)  
  33  2:53  Adept  
  33  2:54  Probe (Chrono Boost)  
  36  3:05  Gateway  
  38  3:07  Mothership Core (Chrono Boost)  
  38  3:09  Gateway  
  38  3:13  Pylon  
  38  3:17  Adept  
  36  3:23  Pylon  
  38  3:29  Probe x2 (Chrono Boost)  
  40  3:42  Pylon  
  40  3:43  Adept  
  40  3:45  Pylon  
  42  3:56  Probe (Chrono Boost)  
  42  3:57  Resonating Glaives  
  42  3:58  Probe (Chrono Boost)  
  44  4:07  Probe (Chrono Boost)  
  46  4:10  Probe (Chrono Boost)  
  46  4:12  Pylon  
  46  4:17  Probe (Chrono Boost), Adept  
  46  4:21  Sentry, Pylon  
  46  4:22  Probe (Chrono Boost), Pylon  
  50  4:28  Probe (Chrono Boost)  
  48  4:34  Probe (Chrono Boost)  
  48  4:35  Gateway  
  49  4:39  Adept  
  49  4:41  Adept  
  52  4:47  Adept  
  54  4:54  Probe (Chrono Boost)  
  54  4:56  Probe (Chrono Boost)  
  56  5:00  Assimilator  
  56  5:01  Stargate  
  56  5:02  Assimilator  
  56  5:05  Probe (Chrono Boost)  
  57  5:08  Adept x2  
  57  5:09  Adept  
  57  5:12  Probe (Chrono Boost)  
  64  5:16  Probe (Chrono Boost)  
  65  5:21  Pylon  
  65  5:24  Probe (Chrono Boost)  
  65  5:26  Probe (Chrono Boost)  
  67  5:31  Pylon  
  68  5:36  Pylon  
  68  5:37  Probe x2 (Chrono Boost)  
  68  5:42  Oracle  
  69  5:45  Adept x2  
  66  6:08  Probe (Chrono Boost)  
  66  6:09  Probe (Chrono Boost)  
  62  6:13  Fleet Beacon, Adept  
  62  6:14  Adept  
  62  6:15  Stargate  
  62  6:16  Adept  
  66  6:19  Probe (Chrono Boost)  
  66  6:21  Probe (Chrono Boost)  
  68  6:33  Probe (Chrono Boost)  
  68  6:35  Nexus, Probe (Chrono Boost)  
  68  6:36  Pylon  
  66  6:47  Carrier  
  66  6:51  Carrier  
  66  6:53  Probe (Chrono Boost)  
  73  7:02  Probe (Chrono Boost)  
  79  7:10  Probe (Chrono Boost)  
  79  7:15  Probe (Chrono Boost), Adept x3  
  87  7:22  Protoss Air Weapons Level 1, Probe (Chrono Boost)  
  88  7:27  Probe (Chrono Boost)  
  89  7:34  Probe (Chrono Boost), Pylon  
  90  7:39  Probe (Chrono Boost)  
  90  7:42  Sentry  
  93  7:44  Pylon  
  93  7:45  Assimilator x2  
  93  7:47  Pylon  
  93  7:49  Probe (Chrono Boost)  
  94  7:56  Probe x2 (Chrono Boost)  
  96  8:01  Probe (Chrono Boost)  
  96  8:02  Carrier  
  97  8:06  Carrier, Probe (Chrono Boost)  
  97  8:08  Probe (Chrono Boost)  
  100  8:13  Probe (Chrono Boost), Pylon  
  100  8:15  Pylon  
  100  8:17  Probe (Chrono Boost)  
  113  8:23  Pylon  
  113  8:34  Forge  
  113  8:35  Stargate  
  113  8:40  Adept x2  
  113  8:41  Sentry  
  119  8:45  Pylon  
  119  8:46  Graviton Catapult  
  119  8:50  Pylon  
  119  9:00  Adept x2  
  123  9:09  Photon Cannon x2  
  123  9:10  Photon Cannon  
  123  9:13  Photon Cannon  
  123  9:15  Photon Cannon  
  123  9:20  Carrier  
  123  9:22  Carrier  
  129  9:25  Photon Cannon  
  129  9:27  Photon Cannon  
  129  9:28  Photon Cannon  
  135  9:33  Photon Cannon  
  135  9:36  Photon Cannon  
  141  9:51  Sentry  
  143  9:54  Photon Cannon  
  143  9:57  Photon Cannon  
  143  9:58  Photon Cannon  
  143  10:00  Photon Cannon  
  139  10:09  Pylon  
  139  10:11  Pylon  
  139  10:13  Pylon  
  139  10:14  Pylon  
  139  10:21  Cybernetics Core  
  133  10:35  Carrier  
  133  10:46  Carrier  
  143  11:05  Probe x2 (Chrono Boost)  
  143  11:06  Probe (Chrono Boost)  
  142  11:15  Adept  
  130  11:30  Pylon  
  129  11:36  Stargate  
  129  11:49  Gateway  
  129  11:50  Gateway  
  129  11:53  Pylon  
  129  11:57  Nexus, Pylon  
  135  12:06  Stargate  
  135  12:14  Pylon  
Show
View Real Time Build Order
Export as new Build Order

Scarlett Zerg 

Build Orders: Pool First 

Get SALT Encoding   

  12  0:00  Drone  
  13  0:12  Overlord  
  13  0:16  Drone  
  14  0:30  Drone x2  
  14  0:35  Drone  
  17  0:41  Extractor  
  16  0:46  Spawning Pool  
  16  0:49  Drone  
  16  0:57  Drone  
  17  1:15  Hatchery  
  16  1:18  Drone  
  16  1:23  Drone  
  18  1:34  Queen  
  20  1:41  Metabolic Boost  
  20  1:45  Zergling x2  
  21  1:48  Drone  
  22  1:55  Overlord  
  22  2:01  Evolution Chamber  
  21  2:13  Queen  
  23  2:21  Zergling x2  
  24  2:24  Zergling x2  
  24  2:28  Zerg Melee Weapons Level 1  
  25  2:31  Zergling x2  
  25  2:33  Zergling x2  
  27  2:39  Zergling x2  
  28  2:48  Zergling x6  
  28  2:50  Zergling x2  
  32  3:05  Overlord  
  32  3:11  Zergling x4  
  32  3:12  Zergling x4  
  35  3:16  Overlord  
  33  3:34  Zergling x2  
  33  3:35  Zergling x6  
  37  3:41  Zergling x4  
  37  3:42  Zergling x4  
  39  3:49  Drone  
  39  3:53  Drone  
  38  3:57  Drone x2  
  38  3:58  Drone  
  38  4:01  Drone  
  41  4:04  Drone  
  42  4:16  Drone x3  
  41  4:33  Drone x4  
  41  4:36  Drone x3  
  47  4:39  Baneling Nest  
  44  4:48  Overlord  
  44  4:51  Hatchery  
  43  4:53  Overlord  
  43  4:58  Queen  
  45  5:00  Zergling x2  
  45  5:02  Zergling x2  
  47  5:08  Zergling x6  
  50  5:15  Drone x2  
  50  5:16  Drone x3  
  50  5:20  Zergling x2  
  56  5:22  Spine Crawler  
  56  5:24  Baneling  
  56  5:25  Baneling x3  
  56  5:27  Baneling x2  
  55  5:28  Zergling x2  
  55  5:30  Zergling x2  
  56  5:43  Zergling x8  
  56  5:44  Zergling x6  
  60  6:07  Drone  
  60  6:08  Drone x9, Lair  
  60  6:11  Queen, Extractor  
  67  6:12  Extractor  
  67  6:17  Zergling x2  
  70  6:21  Drone x2  
  72  6:26  Drone  
  72  6:29  Spore Crawler  
  72  6:31  Drone  
  73  6:33  Overlord  
  73  6:38  Overlord  
  72  6:44  Overlord  
  65  6:49  Drone x5  
  65  6:53  Drone  
  65  6:57  Drone  
  65  7:00  Zerg Missile Weapons Level 1  
  66  7:03  Drone, Hatchery  
  66  7:04  Drone, Extractor  
  66  7:10  Drone x3, Centrifical Hooks  
  66  7:13  Drone, Spore Crawler  
  66  7:14  Drone  
  70  7:24  Drone x4  
  70  7:25  Hydralisk Den  
  70  7:26  Queen  
  75  7:33  Queen  
  75  7:34  Drone  
  75  7:35  Drone  
  75  7:37  Drone  
  80  7:47  Drone x3  
  80  7:49  Drone x4  
  87  7:55  Overlord, Muscular Augments  
  86  8:00  Drone  
  86  8:05  Queen  
  87  8:08  Overlord  
  87  8:09  Queen, Extractor  
  87  8:10  Extractor  
  87  8:16  Hydralisk  
  87  8:17  Hydralisk x2  
  93  8:21  Spore Crawler  
  92  8:28  Hydralisk x2  
  92  8:32  Overseer  
  96  8:34  Hydralisk x2  
  100  8:42  Hydralisk  
  100  8:43  Hydralisk  
  100  8:44  Overlord x2  
  100  8:46  Overlord, Queen  
  105  8:50  Hydralisk  
  105  8:54  Overlord x2  
  106  8:57  Zerg Missile Weapons Level 2  
  106  9:02  Baneling x4  
  106  9:06  Hydralisk x3, Overseer  
  106  9:08  Zergling x4  
  114  9:13  Hydralisk x2  
  118  9:17  Zergling x6  
  118  9:23  Hydralisk x3  
  127  9:27  Queen  
  127  9:31  Hydralisk x2  
  132  9:45  Hydralisk  
  132  9:46  Hydralisk  
  132  9:49  Baneling x8  
  136  9:52  Hydralisk  
  136  9:53  Hydralisk x3  
  143  10:05  Hydralisk  
  145  10:15  Overlord x2  
  145  10:16  Overlord x2  
  145  10:27  Queen  
  145  10:28  Queen  
  144  10:31  Queen  
  141  10:42  Hydralisk x9  
  150  10:54  Hydralisk  
  150  10:55  Hydralisk x2  
  148  11:02  Queen  
  148  11:04  Queen  
  134  11:06  Infestation Pit, Queen  
  115  11:21  Hatchery  
  106  11:32  Overlord  
  104  11:33  Hydralisk x6  
  116  11:45  Queen x2  
  120  11:47  Hydralisk x3  
  120  11:49  Overseer  
  126  11:54  Hydralisk  
  126  11:55  Hydralisk  
  126  11:58  Zergling x4  
  132  12:05  Hydralisk x3  
  138  12:10  Zergling x2  
  138  12:11  Zergling x6  
Tags
 
Add a new tag
Caveats
  • Supply blocks, unpowered buildings, or Contaminate may cause inaccurate times.
  • Supply counts are checked every 10 seconds.